 Dungeon Crawl Stone Soup version 0.23.2-1-ga50397a (webtiles) character file.

Game seed: 11147724875545442826

1221 night the Spear-Bearer (level 8, -2/44 HPs)
             Began as a Gargoyle Gladiator on Apr 14, 2019.
             Was a Follower of Cheibriados.
             Killed by divine providence
             ... invoked by an orc priest
              (11 damage)
             ... on level 6 of the Dungeon.
             The game lasted 00:12:35 (5151 turns).

night the Spear-Bearer (Gargoyle Gladiator)         Turns: 5151, Time: 00:12:36

Health: -2/44      AC: 13    Str: 24 (27) XL:     8   Next: 47%
Magic:  8/8        EV:  6    Int: 12 (13) God:    Cheibriados [*.....]
Gold:   375        SH: 12    Dex: 11 (14) Spells: 7/7 levels left

rFire    . . .     SeeInvis .   a - +0 trident
rCold    . . .     Gourm    .   A - +0 large shield
rNeg     + . .     Faith    +   z - +0 scale mail
rPois    ∞         Spirit   .   c - +0 helmet
rElec    +         Reflect  .   m - +0 cloak
rCorr    .         Harm     .   (no gloves)
MR       .....                  (no boots)
Stlth    ..........             E - amulet of faith
HPRegen  0.14/turn              (no ring)
MPRegen  0.11/turn              (no ring)

@: mighty, very slow
A: negative energy resistance 1, electricity resistance, unbreathing,
petrification resistance, rot immunity, AC +5
a: Bend Time, Renounce Religion


You were on level 6 of the Dungeon.
You worshipped Cheibriados.
Cheibriados was aware of your devotion.
You were not hungry.

You visited 2 branches of the dungeon, and saw 7 of its levels.

You collected 375 gold pieces.

Inventory:

Hand Weapons
 a - a +0 trident (weapon)
 t - a +0 hand crossbow
Missiles
 d - 3 throwing nets (quivered)
 e - 127 stones
 g - 25 bolts
 h - 97 arrows
 v - 66 sling bullets
 I - 2 steel javelins
Armour
 b - a +0 leather armour
 c - a +0 helmet (worn)
 m - a +0 cloak (worn)
 u - a scarf of spirit shield
 z - a +0 scale mail (worn)
 A - a +0 large shield (worn)
Jewellery
 r - an uncursed amulet of guardian spirit
 E - an amulet of faith (around neck)
Wands
 x - a wand of iceblast (5)
Scrolls
 i - a scroll of remove curse
 j - 2 scrolls of random uselessness {unknown}
 k - 4 scrolls of identify {unknown}
 n - a scroll of fear {unknown}
 s - 3 scrolls of fog {unknown}
 y - a scroll of amnesia {unknown}
 B - a scroll of immolation {unknown}
 D - a scroll of teleportation {unknown}
 H - a scroll of enchant weapon {unknown}
Potions
 l - a potion of heal wounds
 o - 2 potions of haste {unknown}
 q - 2 potions of degeneration
 w - 2 potions of curing {unknown}
 C - a potion of brilliance {unknown}
 G - 3 potions of flight {unknown}
Comestibles
 f - 9 rations
 F - a chunk of flesh


   Skills:
 - Level 2.1 Fighting
 + Level 9.5 Polearms
 - Level 1.7 Throwing
 - Level 2.4 Dodging


You had 7 spell levels left.
You didn't know any spells.
Your spell library contained the following spells:

 Spells                   Type           Power        Failure   Level  Hunger
 Sandblast                Erth           #.....       100%        1    ##.....
 Passwall                 Tmut/Erth      #.......     100%        2    ###....
 Stone Arrow              Conj/Erth      #.....       100%        3    ####...
 Ice Form                 Ice/Tmut       #.......     100%        4    #####..
 Petrify                  Tmut/Erth      #.......     100%        4    #####..
 Lee's Rapid Deconstruct  Erth           #.........   100%        5    ######.
 Metabolic Englaciation   Hex/Ice        #.........   100%        5    ######.
 Bolt of Cold             Conj/Ice       #.........   100%        6    #######
 Freezing Cloud           Conj/Ice/Air   #.........   100%        6    #######
 Ozocubu's Refrigeration  Ice            #.........   100%        6    #######
 Simulacrum               Ice/Necr       #.........   100%        6    #######


Dungeon Overview and Level Annotations

Branches:
Dungeon (6/15)             Temple (1/1) D:5

Altars:
Ashenzari
Cheibriados
Dithmenos
Elyvilon
Fedhas
Gozag
Hepliaklqana
Kikubaaqudgha
Makhleb
Nemelex Xobeh
Okawaru
Qazlal
Ru
Trog
Uskayaw
Wu Jian
Xom
Yredelemnul
Zin


Innate Abilities, Weirdness & Mutations

You are resistant to torment.
Your stone body is resilient. (AC +5)
You are immune to poison.
You resist negative energy. (rN+)
You are resistant to electric shocks. (rElec)
You can survive without breathing.
You are immune to petrification.
You are immune to rotting.


Message History

The orc priest hits you but does no damage.
It was a potion of degeneration.
There was something very wrong with that liquid.
You feel weakened.
You feel dopey.
You feel clumsy. You block the orc priest's attack.
It was a potion of might.
You feel very mighty all of a sudden.
The orc priest hits you but does no damage.
Your shield and scale mail prevent you from hitting the orc priest.
The orc priest is almost dead.
The orc priest looks encouraged for a moment.
You barely miss the orc priest.
The orc priest is almost dead.
You block the orc priest's attack.
The orc priest begins to cast a cantrip, but forgets the words!
Your shield and scale mail prevent you from hitting the orc priest.
The orc priest is almost dead.
The orc priest mumbles some strange prayers to Beogh against you.
Beogh smites you!
You die...

##...#.... o.....
###...##.... #.o...
###...#####...
#..... #...###
#.... #.....
###.÷.######..
#.>... ###...###...
#..... ##...##...
#....o#####
###...###..<
#...ooo@..###...###
#...
#....####.#...###
#... #... #....##
##.. #.# ###### ##.
# ##


You could see 2 orc priests and 2 orcs.

Vanquished Creatures
  Edmund (D:6)
  4 ogres (D:6)
  A bullfrog (D:6)
  A howler monkey (D:6)
  2 crimson imps (D:6)
  A bullfrog zombie (D:6)
  A hound (D:5)
  2 bullfrog skeletons
  2 orc priests
  3 orc wizards
  Natasha (thrice) (D:3)
  4 worker ants
  3 gnolls (D:2)
  4 adders
  A shadow imp (D:5)
  An ooze (D:3)
  An adder zombie (D:6)
  2 worms
  2 dart slugs (D:1)
  A leopard gecko (D:2)
  7 orcs
  A ball python (D:2)
  6 giant cockroaches
  11 goblins
  5 hobgoblins
  7 jackals
  3 kobolds
  A quokka (D:2)
  7 bats
  3 frilled lizards
  A jackal zombie (D:5)
  A leopard gecko zombie (D:5)
  A quokka skeleton (D:5)
  22 rats
116 creatures vanquished.

Notes
Turn   | Place    | Note
-------+----------+-------------------------------------------
     0 | D:1      | night the Gargoyle Gladiator began the quest for the Orb.
     0 | D:1      | Reached XP level 1. HP: 12/12 MP: 1/1
    12 | D:1      | Reached skill level 3 in Polearms
    15 | D:1      | Reached XP level 2. HP: 17/17 MP: 2/2
   312 | D:1      | Reached XP level 3. HP: 21/21 MP: 3/3
   866 | D:2      | Reached skill level 4 in Polearms
  1218 | D:2      | Reached XP level 4. HP: 19/26 MP: 2/4
  1981 | D:3      | Reached skill level 5 in Polearms
  2111 | D:3      | Found a hide-covered altar of Uskayaw.
  2200 | D:3      | Reached XP level 5. HP: 30/30 MP: 5/5
  2289 | D:3      | Noticed Natasha
  2309 | D:3      | Killed Natasha
  2334 | D:3      | Noticed Natasha
  2348 | D:3      | Killed Natasha
  2512 | D:3      | Found a faded altar of an unknown god.
  2595 | D:3      | Noticed Natasha
  2602 | D:3      | Killed Natasha
  2767 | D:4      | Reached skill level 6 in Polearms
  2767 | D:4      | Reached XP level 6. HP: 35/35 MP: 6/6
  2861 | D:5      | Entered Level 5 of the Dungeon
  3130 | D:5      | Found a staircase to the Ecumenical Temple.
  3149 | Temple   | Entered the Ecumenical Temple
  3328 | Temple   | Became a worshipper of Cheibriados the Contemplative
  3422 | D:5      | Found a blossoming altar of Fedhas.
  3789 | D:5      | Reached skill level 7 in Polearms
  3789 | D:5      | Reached XP level 7. HP: 31/40 MP: 7/7
  4078 | D:6      | Reached * piety under Cheibriados
  4374 | D:6      | Found an ornate altar of the Wu Jian Council.
  4476 | D:6      | Reached skill level 8 in Polearms
  4704 | D:6      | Reached XP level 8. HP: 39/44 MP: 8/8
  4793 | D:6      | Noticed Edmund
  4859 | D:6      | Killed Edmund
  4859 | D:6      | Reached skill level 9 in Polearms
  4868 | D:6      | HP: 1/44 [ogre/+0 giant spiked club (25)]
  5151 | D:6      | Killed from afar by an orc priest

Skill      XL: |  1  2  3  4  5  6  7  8 |
---------------+-------------------------+-----
Polearms       | 3 4 5 6 7 8 9 |  9.5
Fighting       | |  2.1
Throwing       | |  1.7
Dodging        | |  2.4

Action                   |  1- 3 |  4- 6 |  7- 9 || total
-------------------------+-------+-------+-------++-------
Melee: Trident           |   140 |   228 |   222 ||   590
  Use: Scroll            |     1 |       |       ||     1
       Potion            |       |       |     4 ||     4
 Stab: Distracted        |       |       |     1 ||     1
  Eat: Chunk             |     1 |     9 |     3 ||    13
Armor: Leather armour    |    37 |    29 |       ||    66
       Scale mail        |       |    62 |    72 ||   134
Dodge: Dodged            |    72 |    90 |    30 ||   192
Block: Large shield      |       |    29 |    98 ||   127
